AoeStats
← JamesdoXD3

Arabia

510187284Analyzed
1v1 RM · 3d ago on Sep 29, 2026· 39m 3s· 2 players
Game mode
Random Map
Map size
Tiny (2 player)
Population
200
Speed
Normal
Resources
Standard
Victory
Conquest
Starting age
Dark Age
Ending age
Imperial Age
RankedLock teamsTeams togetherTeam positionsShared explorationLock speedFull tech treeHidden civsTurbo modeCheats
Victory
Defeat
🇨🇴 Lithuanians · Colombia
1207
+17
🇺🇸 Bulgarians · United States
1233
-17
JamesdoXD3
3:15 Loom
9:23 Feudal Age
11:06 Double-Bit Axe
14:38 Wheelbarrow
17:33 Town Watch
22:46 Castle Age
20:59 Horse Collar
22:27 Forging
22:24 Scale Barding Armor
23:38 Bloodlines
23:59 Husbandry
27:49 Hand Cart
27:46 Heavy Plow
28:07 Bow Saw
30:29 Gold Mining
30:33 Stone Mining
31:10 Town Patrol
32:34 Iron Casting
34:11 Chain Barding Armor
36:44 Stone Shaft Mining
41:49 Imperial Age
alexrochacity
6:50 Loom
9:45 Feudal Age
10:31 Double-Bit Axe
20:48 Scale Barding Armor
21:07 Horse Collar
23:43 Forging
25:32 Wheelbarrow
28:20 Castle Age
26:49 Gold Mining
27:17 Bloodlines
27:29 Town Watch
27:42 Fletching
27:48 Stone Mining
32:28 Iron Casting
32:13 Husbandry
32:47 Heavy Plow
33:45 Chain Barding Armor
36:29 Bow Saw
Connection lost

Rejoining the realm…

Still unreachable

The connection could not be restored.

Session expired

The server has moved on; the page needs a fresh start.